Map: Odyssey LE

Players

llllllllllll (Zest)

  • Race: Protoss Protoss
  • League: Master
  • Spawn Location: 11:00

HeroMarine - Winner!

  • Race: Terran Terran
  • Spawn Location: 5:00

Event: HomeStory Cup XV

VOD

Have the link to the VOD?

Description

Time

  • Played on: July 22, 2017, 4:40 p.m.
  • Length: 12:01

All games in this series

Show
View Real Time Build Order
Export as new Build Order

llllllllllll Protoss 

Build Orders: Oracle Opening 

Get SALT Encoding   

  12  0:01  Probe (Chrono Boost)  
  13  0:11  Probe (Chrono Boost)  
  14  0:17  Pylon  
  14  0:22  Probe (Chrono Boost)  
  15  0:35  Probe (Chrono Boost)  
  16  0:36  Gateway  
  16  0:42  Assimilator  
  16  0:47  Probe (Chrono Boost)  
  17  0:51  Assimilator  
  17  0:57  Probe (Chrono Boost)  
  17  1:02  Pylon  
  18  1:08  Probe (Chrono Boost)  
  19  1:18  Probe (Chrono Boost)  
  19  1:23  Cybernetics Core  
  20  1:29  Probe (Chrono Boost)  
  22  1:40  Probe (Chrono Boost)  
  22  1:50  Probe (Chrono Boost)  
  23  1:59  Stargate  
  23  2:00  Adept (Chrono Boost)  
  23  2:01  Warp Gate (Chrono Boost)  
  25  2:02  Probe  
  26  2:23  Nexus  
  26  2:29  Probe  
  27  2:42  Oracle (Chrono Boost)  
  30  2:48  Probe, Twilight Council  
  31  3:07  Gateway  
  31  3:08  Gateway  
  31  3:34  Probe  
  31  3:35  Probe  
  31  3:45  Probe  
  31  3:46  Probe  
  33  3:56  Probe  
  33  4:01  Stalker x2  
  33  4:02  Stalker  
  40  4:05  Probe, Blink (Chrono Boost)  
  40  4:07  Probe  
  42  4:11  Pylon  
  42  4:17  Probe x2  
  44  4:29  Probe  
  44  4:30  Stalker x3  
  51  4:33  Probe  
  52  4:41  Pylon, Probe  
  52  4:43  Pylon  
  52  4:45  Probe  
  54  4:59  Probe  
  55  5:00  Stalker x3  
  55  5:06  Pylon  
  61  5:09  Nexus  
  61  5:22  Probe  
  61  5:23  Probe, Pylon  
  61  5:27  Stalker x3  
  69  5:36  Probe  
  69  5:38  Probe  
  71  5:44  Robotics Facility  
  71  5:49  Charge (Chrono Boost)  
  71  5:58  Stalker  
  71  5:59  Stalker  
  71  6:00  Probe  
  70  6:04  Probe  
  69  6:12  Probe, Stalker  
  69  6:15  Probe  
  73  6:18  Gateway  
  73  6:19  Gateway  
  73  6:20  Gateway  
  73  6:21  Gateway  
  73  6:22  Gateway, Assimilator  
  73  6:25  Stalker x2  
  77  6:28  Probe  
  77  6:30  Probe  
  78  6:35  Observer (Chrono Boost)  
  79  6:45  Probe  
  79  6:47  Probe  
  81  6:54  Probe  
  81  6:56  Probe  
  81  6:57  Gateway  
  81  6:59  Gateway  
  83  7:01  Zealot x2, Sentry  
  83  7:03  Assimilator  
  83  7:05  Forge, Probe, Assimilator, Pylon  
  83  7:06  Probe  
  91  7:09  Pylon, Probe  
  91  7:15  Probe  
  92  7:21  Pylon  
  97  7:23  Immortal (Chrono Boost)  
  97  7:26  Sentry  
  97  7:27  Zealot x4  
  97  7:28  Probe x2  
  97  7:29  Protoss Ground Armor Level 1 (Chrono Boost), Probe  
  110  7:31  Pylon  
  110  7:38  Zealot x2, Sentry  
  110  7:43  Pylon  
  116  7:49  Stalker  
  116  7:50  Stalker  
  115  7:55  Stalker  
  116  8:07  Probe  
  116  8:08  Probe  
  116  8:09  Probe  
  119  8:16  Warp Prism (Chrono Boost)  
  119  8:18  Photon Cannon  
  119  8:23  Zealot x7  
  119  8:26  Probe  
  133  8:27  Probe  
  133  8:32  Pylon  
  132  8:35  Pylon  
  132  8:46  Templar Archives  
  132  8:50  Zealot x5  
  146  8:56  Immortal (Chrono Boost)  
  146  9:04  Zealot  
  146  9:05  Zealot x4  
  118  9:20  Zealot x4  
  82  9:38  High Templar x4  
  76  9:39  Zealot x2  
  76  9:41  Protoss Ground Armor Level 2  
  76  9:42  Archon x2  
  76  9:44  Immortal (Chrono Boost)  
  76  9:57  Zealot, High Templar x2  
  76  9:58  Zealot  
  83  10:08  Archon  
  79  10:15  High Templar x2  
  79  10:16  Zealot x4  
  79  10:20  Archon  
  91  10:31  Immortal (Chrono Boost)  
  95  10:39  Sentry  
  97  10:57  Sentry  
  97  11:01  Zealot x4, Nexus  
  97  11:02  Pylon  
  107  11:10  Zealot, Stalker x2  
  106  11:21  Stalker x2  
  86  11:28  Zealot x2  
  74  11:34  Zealot  
  62  11:41  Stalker x2  
Show
View Real Time Build Order
Export as new Build Order

HeroMarine Terran - Winner!

Build Orders: Cyclone Opening, Reaper Expand, MMM Bio 

Get SALT Encoding   

  12  0:01  SCV  
  13  0:13  SCV  
  14  0:18  Supply Depot  
  14  0:25  SCV  
  15  0:29  Refinery  
  15  0:40  SCV  
  16  0:45  Barracks  
  16  0:52  SCV  
  17  1:04  SCV  
  18  1:16  SCV  
  19  1:32  Orbital Command, Reaper  
  20  1:42  Command Center  
  20  1:53  Factory  
  20  1:57  SCV  
  21  2:02  Refinery  
  21  2:07  Barracks Reactor  
  21  2:09  SCV  
  21  2:13  Supply Depot  
  22  2:21  SCV  
  23  2:33  Engineering Bay  
  23  2:35  SCV  
  24  2:39  Cyclone  
  27  2:44  Marine x2  
  27  2:47  SCV  
  30  2:56  Orbital Command  
  30  3:01  Missile Turret  
  30  3:03  Marine  
  30  3:05  Marine  
  32  3:08  SCV  
  32  3:11  Factory Tech Lab  
  33  3:20  Marine  
  33  3:23  Marine  
  33  3:25  SCV  
  36  3:37  SCV  
  36  3:38  Marine  
  36  3:40  Marine  
  36  3:41  SCV, Missile Turret  
  40  3:42  Starport  
  40  3:49  SCV  
  40  3:53  SCV  
  41  3:56  Marine  
  41  3:59  Supply Depot  
  41  4:01  SCV, Widow Mine  
  46  4:03  Marine  
  46  4:11  Supply Depot  
  46  4:20  SCV, Marine  
  46  4:21  Marine, Medivac, SCV  
  46  4:22  Supply Depot  
  49  4:32  SCV  
  49  4:33  SCV  
  53  4:44  SCV  
  53  4:45  Bunker, Barracks  
  51  4:46  Marine, Factory Reactor  
  51  4:48  Barracks  
  51  4:49  SCV  
  53  4:53  Starport Reactor  
  53  4:55  Missile Turret  
  53  4:56  SCV  
  54  5:00  Missile Turret  
  54  5:01  SCV  
  54  5:04  Marine  
  56  5:09  SCV  
  56  5:10  Terran Infantry Weapons Level 1  
  56  5:13  SCV  
  57  5:21  SCV  
  58  5:22  Marine  
  58  5:25  SCV  
  58  5:27  Supply Depot  
  60  5:29  Supply Depot  
  60  5:33  SCV  
  60  5:34  Factory Tech Lab  
  60  5:35  Marine x2  
  62  5:37  SCV  
  62  5:38  Marine x2, Medivac  
  62  5:39  Medivac  
  70  5:44  Refinery  
  70  5:46  Refinery  
  70  5:49  Marine, SCV x2  
  73  5:52  Supply Depot x2  
  73  5:56  Marine x2  
  72  5:57  Marine  
  72  6:00  Liberator  
  72  6:01  SCV x2  
  71  6:05  Marine  
  69  6:13  SCV x2  
  69  6:17  Barracks Tech Lab  
  73  6:19  Marine x2  
  73  6:21  Marine  
  73  6:22  Marine  
  77  6:25  SCV x2  
  77  6:30  Siege Tank  
  82  6:36  Marine  
  82  6:38  SCV x2, Marine x2  
  84  6:41  Stimpack  
  84  6:42  Marine x2  
  82  6:50  SCV x2  
  84  6:54  Marine  
  84  6:56  Marine x2  
  84  6:58  Supply Depot  
  84  7:00  Marine, Supply Depot  
  84  7:01  Marine  
  88  7:05  Medivac x2  
  95  7:09  Siege Tank  
  95  7:12  Marine  
  95  7:14  Marine x2  
  99  7:17  Barracks  
  99  7:18  Terran Infantry Armor Level 1, Barracks  
  99  7:19  Marine  
  99  7:21  Marine  
  101  7:30  Marine  
  101  7:32  Marine x2  
  101  7:36  Marine  
  104  7:38  Marine, Supply Depot  
  104  7:39  Supply Depot  
  104  7:41  Siege Tank  
  109  7:48  Marine  
  109  7:50  Marine x2  
  112  7:53  Medivac x2  
  112  7:54  Marine  
  112  7:56  Marine  
  114  8:06  Marine  
  114  8:07  Marine, Barracks Tech Lab  
  114  8:08  Marine, Barracks Tech Lab  
  114  8:10  Supply Depot  
  114  8:11  Supply Depot  
  116  8:13  Siege Tank  
  116  8:18  Marine  
  116  8:19  Marine  
  121  8:25  Marine x2  
  127  8:27  Marauder x2  
  127  8:32  Marine  
  128  8:35  Medivac  
  128  8:36  Marine, Medivac  
  128  8:37  Marauder  
  135  8:41  Combat Shields  
  135  8:43  Marine x2  
  135  8:48  Marauder x2  
  140  8:50  Marine  
  140  8:54  Marine  
  141  8:58  Marauder  
  141  9:01  Marine x2  
  143  9:07  Marine  
  143  9:09  Marauder  
  142  9:10  Marauder  
  142  9:12  Marine  
  121  9:18  Marine  
  121  9:19  Marine  
  121  9:20  Marauder  
  121  9:22  Liberator x2  
  111  9:25  Marine  
  111  9:30  Marine  
  111  9:31  Marauder x2  
  110  9:36  Marine  
  105  9:39  Marine  
  105  9:40  Siege Tank  
  105  9:41  Marauder  
  105  9:43  Marine  
  105  9:44  Command Center  
  118  9:47  Marine  
  118  9:52  Marine x2  
  121  9:58  Marine  
  116  10:01  Marine  
  116  10:02  Marauder  
  116  10:03  Marine  
  116  10:05  Liberator x2  
  120  10:10  Marauder x2  
  122  10:24  Marine, Armory  
  122  10:26  Marine  
  122  10:27  Marine  
  131  10:29  Concussive Shells  
  131  10:30  Marine  
  131  10:32  Marine  
  131  10:33  Marine  
  132  10:36  Marine  
  132  10:42  Marine  
  134  10:44  Siege Tank  
  134  10:46  Marine  
  134  10:47  Marine  
  139  10:52  Liberator  
  139  10:54  Marine x3  
  139  10:55  Marine  
  143  11:00  Marine  
  134  11:04  Marine  
  136  11:17  Marine  
  128  11:25  Marauder  
  112  11:26  Marauder  
  112  11:28  Marine x2  
  112  11:30  Marauder, Marine  
  109  11:34  Marine  
Tags
 
Add a new tag
Caveats
  • Supply blocks, unpowered buildings, or Contaminate may cause inaccurate times.
  • Supply counts are checked every 10 seconds.